 Dungeon Sprint DCSS version 0.20.1-1-g8b1a95d (webtiles) character file.

465 JustSomeDude the Fighter (level 7, -6/76 HPs)
             Began as a Naga Berserker on Aug 26, 2017.
             Was a Follower of Jiyva.
             Mangled by a yak (8 damage)
             ... in the Dungeon (Sprint I: "Red Sonja").
             The game lasted 00:02:50 (459 turns).

JustSomeDude the Fighter (Naga Berserker)            Turns: 459, Time: 00:02:50

Health: -6/76      AC:  7    Str: 21    XL:     7   Next: 8%
Magic:  7/7        EV: 11    Int:  8    God:    Jiyva [*.....]
Gold:   310        SH:  0    Dex: 10    Spells: 6/6 levels left

rFire    + . .     SeeInvis +   a - +0 spear
rCold    . . .     Gourm    .   (no shield)
rNeg     . . .     Faith    .   j - +3 leather armour {rF+}
rPois    +         Spirit   .   (no helmet)
rElec    .         Reflect  .   (no cloak)
rCorr    .         Harm     .   (no gloves)
MR       .....     NoTele   +   (no barding)
Stlth    +.........             (no amulet)
Regen    0.3/turn               (no ring)
MPRegen  0.1/turn               (no ring)

@: berserk cooldown, hasted and slowed, very slow
A: see invisible, deformed body, poison resistance, slowness 2, slow metabolism
1, spit poison 1, AC +2
a: Spit Poison, Request Jelly, Renounce Religion


You were in the Dungeon.
You worshipped Jiyva.
Jiyva was aware of your devotion.
You were not hungry.

You visited 1 branch You collected 310 gold pieces.

Inventory:

Hand Weapons
 a - a +0 spear (weapon)
 b - a +0 scythe
Armour
 j - a +3 leather armour of fire resistance (worn)
Scrolls
 i - a scroll of blinking
Potions
 g - 2 potions of magic
Comestibles
 c - a bread ration


   Skills:
 + Level 9.5 Fighting
 + Level 9.3 Polearms
 + Level 4.2 Armour
 + Level 5.0 Dodging


You had 6 spell levels left.
You didn't know any spells.

Dungeon Overview and Level Annotations

Branches:
Dungeon (1/1)

Altars:
Cheibriados
Dithmenos
Elyvilon
Fedhas
Hepliaklqana
Kikubaaqudgha
Makhleb
Okawaru
Qazlal
Ru
Sif Muna
Trog
Uskayaw
Vehumet
Xom
Yredelemnul
Zin
The Shining One
Jiyva
Lugonu

Shops:
D [


Innate Abilities, Weirdness & Mutations

You cannot wear boots.
Your serpentine skin is tough. (AC +2)
You have supernaturally acute eyesight. (SInv)
Armour fits poorly on your strangely shaped body.
Your system is resistant to poisons. (rPois)
You cover ground very slowly.
You have a slow metabolism.
You can spit poison.


Message History

You hit the yak but do no damage.
The yak is moderately wounded.
The yak gores you!
* * * LOW HITPOINT WARNING * * *
You hit the yak.
The yak is heavily wounded.
You hit the yak.
The yak is heavily wounded.
The yak gores you.
* * * LOW HITPOINT WARNING * * *
You hit the yak.
The yak is heavily wounded.
The yak gores you.
* * * LOW HITPOINT WARNING * * *
You barely miss the yak.
The yak is heavily wounded.
You hit the yak but do no damage.
The yak is heavily wounded.
The yak gores you!
You die...

###################
#<.#..)..#.['..#__#
#..[..#..'..#..'..+
#..#####'#####'#__#
#..# #..#...#.####§?#
#..#__####..##.#§§§.c
#..#_____##'#..+≈≈§§
#⌠⌠#_.∩...Y@.._#
####_..__##_.#'# ___
##+#.# # ###


You could see a yak.

Vanquished Creatures
  A slime creature (D)
  Sigmund (D)
  An ogre (D)
  A jelly (D)
  Ijyb (D)
5 creatures vanquished.

Notes
Turn   | Place    | Note
-------+----------+-------------------------------------------
     0 | D        | JustSomeDude the Naga Berserker began the quest for the Orb.
     0 | D        | Reached XP level 1. HP: 21/21 MP: 1/1
     2 | D        | Noticed Ijyb
    21 | D        | HP: 1/21 [Ijyb/dagger (5)]
    22 | D        | Killed Ijyb
    22 | D        | Reached XP level 2. HP: 2/31 MP: 2/2
    22 | D        | Reached XP level 3. HP: 2/37 MP: 3/3
   310 | D        | Noticed an ogre
   315 | D        | Killed an ogre
   315 | D        | Reached XP level 4. HP: 48/48 MP: 4/4
   339 | D        | Noticed Sigmund
   359 | D        | Killed Sigmund
   359 | D        | Reached ** piety under Trog
   359 | D        | Reached XP level 5. HP: 37/58 MP: 5/5
   359 | D        | Reached XP level 6. HP: 42/67 MP: 6/6
   372 | D        | Found a deep blue altar of Sif Muna.
   374 | D        | Found a radiant altar of Vehumet.
   408 | D        | Noticed a centaur warrior
   414 | D        | Found a burning altar of Makhleb.
   414 | D        | Found a viscous altar of Jiyva.
   414 | D        | Found a shimmering altar of Xom.
   414 | D        | Found a corrupted altar of Lugonu.
   414 | D        | Noticed a slime creature
   424 | D        | Killed a slime creature
   424 | D        | Reached skill level 5 in Dodging
   424 | D        | Reached XP level 7. HP: 76/76 MP: 7/7
   429 | D        | Fell from the grace of Trog
   429 | D        | Became a worshipper of Jiyva Janwiffi the Shapeless
   438 | D        | Found Hinn's Armour Emporium.
   438 | D        | Found an ancient bone altar of Kikubaaqudgha.
   438 | D        | Found a hazy altar of Hepliaklqana.
   438 | D        | Found a stormy altar of Qazlal.
   438 | D        | Found a hide-covered altar of Uskayaw.
   438 | D        | Found a blossoming altar of Fedhas.
   438 | D        | Found a bloodstained altar of Trog.
   438 | D        | Found an iron altar of Okawaru.
   438 | D        | Found a basalt altar of Yredelemnul.
   438 | D        | Found a glowing golden altar of the Shining One.
   438 | D        | Found a snail-covered altar of Cheibriados.
   438 | D        | Found a sacrificial altar of Ru.
   438 | D        | Found a glowing silver altar of Zin.
   438 | D        | Found a shadowy altar of Dithmenos.
   438 | D        | Found a white marble altar of Elyvilon.
   438 | D        | Noticed a yak
   449 | D        | Reached * piety under Jiyva
   457 | D        | HP: 2/76 [yak (6)]
   459 | D        | Mangled by a yak

Skill      XL: |  1  2  3  4  5  6 |
---------------+-------------------+-----
Fighting       | 4 6 8 9 |  9.5
Polearms       | 4 6 8 9 |  9.3
Armour         | 2 3 4 |  4.2
Dodging        | 2 3 4 5 |  5.0

Action                   |  1- 3 |  4- 6 |  7- 9 || total
-------------------------+-------+-------+-------++-------
Melee: Spear             |    23 |    29 |    18 ||    70
Invok: Berserk           |     1 |       |       ||     1
 Abil: Spit Poison       |     1 |       |       ||     1
  Use: Potion            |       |     2 |     2 ||     4
       Scroll            |       |       |     1 ||     1
Armor: Animal skin       |     2 |       |       ||     2
       Leather armour    |       |     2 |     1 ||     3
Dodge: Dodged            |     8 |     4 |     5 ||    17
